cohdb
Replays
Latest Replays
All Replays
Popular Replays
Top Player Replays
Match Explorer
How It Works
Community
CoH3 Stats
Reddit
Sign in to upload your games and track your stats! →
Sign in with Steam
Match 44806419
Unlisted
Match 44806419
Overview
Messages
Build Orders
End
Pioneer Squad
Pioneer Squad
Construct Infanterie Kompanie
Selects Breakthrough Battlegroup
Selects Assault Grenadiers
Grenadier Squad
Grenadier Squad
GrW 34 Mortar Team
Selects Rapid Production
Selects Breakthrough
Infanterie Officer Quarters
MG 42 Machine Gun Team
Construct Luftwaffe Kompanie
Selects Rapid Production
221 Scout Car
Breakthrough
Medical Bunker
咚咚锵个腿
firestorm
0
0
Comments
sign in to comment!
No comments posted yet!